 Dungeon Crawl Stone Soup version 0.22-a0-570-g58866f5 (webtiles) character file.

231 jamsan the Digger (level 6, -3/32 HPs)
             Began as a Gargoyle Earth Elementalist on June 30, 2018.
             Slain by a bullfrog (5 damage)
             ... in a sewer.
             The game lasted 00:10:41 (3681 turns).

jamsan the Digger (Gargoyle Earth Elementalist)     Turns: 3681, Time: 00:10:42

Health: -3/32      AC:  7    Str: 12    XL:     6   Next: 3%
Magic:  12/12      EV:  8    Int: 26    God:
Gold:   107        SH:  0    Dex:  8    Spells: 4/13 levels left

rFire    . . .     SeeInvis .   k - +2 mace (protect)
rCold    . . .     Gourm    .   (no shield)
rNeg     + . .     Faith    .   r - +0 leather armour
rPois    ∞         Spirit   .   (helmet restricted)
rElec    +         Reflect  .   (no cloak)
rCorr    .         Harm     .   (no gloves)
MR       .....                  (no boots)
Stlth    +.........             a - amulet of the acrobat
HPRegen  0.10/turn              q - +4 ring of intelligence
MPRegen  0.13/turn              (no ring)

@: brilliant, constricted, very slow
A: antennae 1, yellow scales 1, clumsy 1, deformed body, negative energy
resistance 1, electricity resistance, unbreathing, petrification resistance, rot
immunity, AC +4
a: no special abilities


You were in a sewer.
You were not hungry.

You visited 1 branch of the dungeon, and saw 3 of its levels.
You also visited: Sewer.

You collected 107 gold pieces.

Inventory:

Hand Weapons
 f - a +0 whip
 k - a +2 mace of protection (weapon)
Armour
 c - a +0 robe
 r - a +0 leather armour (worn)
Jewellery
 a - an amulet of the acrobat (around neck)
 q - a +4 ring of intelligence (left hand)
Wands
 m - a wand of polymorph (16)
Scrolls
 b - a scroll of teleportation {unknown}
 e - a scroll of fog {unknown}
 h - 2 scrolls of magic mapping
 s - a scroll of fear {unknown}
 t - a scroll of immolation {unknown}
Potions
 g - 3 potions of curing
 n - 3 potions of magic
Comestibles
 d - 3 rations


   Skills:
 + Level 0.0 Fighting
 + Level 0.0 Armour
 + Level 1.9 Dodging
 - Level 2.7 Stealth
 + Level 4.0 Spellcasting
   Level 0.7 Transmutations
 + Level 5.8 Earth Magic
 + Level 0.0 Evocations


You had 4 spell levels left.
You knew the following spells:

 Your Spells              Type           Power        Failure   Level  Hunger
a - Sandblast             Erth           ######       1%          1    None
b - Stone Arrow           Conj/Erth      #####.       1%          3    ##.....
c - Lee's Rapid Deconstr  Erth           ######....   3%          5    #####..

Your spell library contained the following spells:

 Spells                   Type           Power        Failure   Level  Hunger
 Passwall                 Tmut/Erth      #####...     1%          2    None
 Petrify                  Tmut/Erth      #####...     3%          4    ####...


Dungeon Overview and Level Annotations

Branches:
Dungeon (3/15)

Altars:
Cheibriados
Dithmenos
Gozag
Trog
Zin


Innate Abilities, Weirdness & Mutations

You are resistant to torment.
Your stone body is resilient. (AC +4)
You are immune to poison.
You resist negative energy. (rN+)
You are resistant to electric shocks. (rElec)
You can survive without breathing.
You are immune to petrification.
You are immune to rotting.
You have a pair of small antennae on your head.
You are partially covered in yellow scales. (AC +2)
You are clumsy. (Dex -2)
Armour fits poorly on your strangely shaped body.


Message History

You feel clever all of a sudden. The bullfrog hits you.
* * * LOW HITPOINT WARNING * * *
The ball python bites you but does no damage.
The adder bites you.
* * * LOW HITPOINT WARNING * * *
The ball python bites you but does no damage.
The ball python barely misses you. The ball python constricts you.
The bullfrog hits you.
* * * LOW HITPOINT WARNING * * *
The ball python barely misses you.
Okay, then.
As you read the scroll labeled QUEMUA QAKAAXT, it crumbles to dust.
It is a scroll of amnesia.
Okay, then.
The adder closely misses you.
The ball python bites you but does no damage.
The ball python barely misses you. The ball python constricts you.
The bullfrog hits you.
You die...

≈≈≈≈≈# #≈≈#≈≈≈#
≈≈≈≈≈# #≈≈≈≈≈≈#
≈≈≈≈≈# #≈≈≈≈≈≈#
≈≈≈≈≈# #≈≈≈≈≈≈#
≈≈≈≈≈# #≈≈≈≈#≈#
≈≈≈≈≈# #≈≈l≈≈≈#
≈≈≈≈≈# #≈≈≈≈F≈#
..≈.≈# #≈≈lSSS#
≈.(≈≈# #≈≈≈#@S#
≈≈..≈# #≈≈≈F≈≈#
≈≈≈≈≈# #≈≈≈≈≈≈#
≈≈≈≈≈# #≈≈≈≈≈≈#
≈≈≈≈≈# #≈≈≈≈≈≈#
≈≈≈≈≈# #≈≈≈≈≈≈#
≈≈≈≈≈# #####≈≈≈≈≈≈#
..≈.## #..##..≈...#
.....###..##......#


You could see 2 bullfrogs, an adder, 3 ball pythons and 2 frilled lizards.

Vanquished Creatures
  A bullfrog skeleton (D:2)
  5 river rats (Sewer)
  8 adders
  A worm (D:3)
  A dart slug (D:1)
  A leopard gecko (D:2)
  9 ball pythons
  7 bats
  A giant cockroach (D:3)
  12 goblins
  4 hobgoblins (D:1)
  A quokka (D:2)
  2 frilled lizards
  9 kobolds
  33 rats
95 creatures vanquished.

Notes
Turn   | Place    | Note
-------+----------+-------------------------------------------
     0 | D:1      | jamsan the Gargoyle Earth Elementalist began the quest for the Orb.
     0 | D:1      | Reached XP level 1. HP: 10/10 MP: 3/3
   249 | D:1      | Reached XP level 2. HP: 12/15 MP: 1/5
   842 | D:1      | Reached skill level 4 in Earth Magic
   921 | D:1      | Reached XP level 3. HP: 19/19 MP: 4/6
  1339 | D:2      | Reached XP level 4. HP: 24/24 MP: 5/8
  1471 | D:2      | Found an opulent altar of Gozag.
  2136 | D:2      | Found a shadowy altar of Dithmenos.
  2311 | D:2      | Found a bloodstained altar of Trog.
  2609 | D:3      | Reached skill level 5 in Earth Magic
  2621 | D:3      | Found a shadowy altar of Dithmenos.
  2621 | D:3      | Found a snail-covered altar of Cheibriados.
  2621 | D:3      | Found a glowing silver altar of Zin.
  2648 | D:3      | Found a glowing drain.
  2669 | Sewer    | Entered a sewer
  2707 | Sewer    | Reached XP level 5. HP: 28/28 MP: 9/9
  3381 | Sewer    | Reached XP level 6. HP: 15/32 MP: 10/12
  3652 | Sewer    | Learned a level 3 spell: Stone Arrow
  3658 | Sewer    | Learned a level 5 spell: Lee's Rapid Deconstruction
  3678 | Sewer    | Gained mutation: Armour fits poorly on your strangely shaped body. [potion of mutation]
  3678 | Sewer    | Gained mutation: You are clumsy. (Dex -2) [potion of mutation]
  3678 | Sewer    | Gained mutation: You have a pair of small antennae on your head. [potion of mutation]
  3678 | Sewer    | Gained mutation: You are partially covered in yellow scales. (AC +2) [potion of mutation]
  3681 | Sewer    | Slain by a bullfrog

Vault maps used:
D:1:      shiori_arrival_maze, minmay_tree_intersection
D:2:      lightli_temple_of_fire, lemuel_crystal_altar, minivault_23,
          dk_noncrumbling_3, grunt_dithmenos_smoke
D:3:      gammafunk_temple_overflow_claw, cheibrodos_sewer_entry_sluice
Sewer:    sewer_minmay_w

Skill      XL: |  1  2  3  4  5 |
---------------+----------------+-----
Earth Magic    | 4 5 |  5.8
Spellcasting   | 3 4 |  4.0
Dodging        | |  1.9
Stealth        | |  2.7
Transmutations | |  0.7

Action                   |  1- 3 |  4- 6 || total
-------------------------+-------+-------++-------
Melee: Unarmed           |    21 |       ||    21
       Mace              |     5 |   100 ||   105
Throw: Stone             |    53 |    74 ||   127
 Cast: Sandblast         |    30 |    51 ||    81
  Use: Scroll            |       |     2 ||     2
       Potion            |       |     9 ||     9
  Eat: Chunk             |     1 |     3 ||     4
       Ration            |     1 |     1 ||     2
Armor: Robe              |    27 |     1 ||    28
       Leather armour    |       |    77 ||    77
       Skin              |       |    80 ||    80
Dodge: Dodged            |    37 |   151 ||   188

Table legend:
 A = Spawn XP
 B = Non-spawn XP
 C = Spawn XP percentage of total XP
 D = Spawn monster count
 E = Non-spawn monster count
 F = Spawn count percentage of total count
 G = Total turns spent on level
                    A         B        C        D         E        F      G
               +---------+---------+-------+---------+---------+-------+---------
         Total |       0 |     330 |   0.0 |       0 |      95 |   0.0 |  3681
               +---------+---------+-------+---------+---------+-------+---------
           D:1 |       0 |      39 |   0.0 |       0 |      23 |   0.0 |  1207
           D:2 |       0 |     104 |   0.0 |       0 |      21 |   0.0 |  1294
           D:3 |       0 |      21 |   0.0 |       0 |      11 |   0.0 |   168
         Sewer |       0 |     166 |   0.0 |       0 |      40 |   0.0 |  1012
               +---------+---------+-------+---------+---------+-------+---------
